 Dungeon Crawl Stone Soup version 0.29.1-15-g9cfb28693d (webtiles) character file.

Game seed: 5344361594142817130

4 Descartes the Stinger (level 1, -2/11 HPs)
             Began as a Spriggan Wanderer on Feb 25, 2023.
             Slain by a ball python (3 damage)
             ... on level 1 of the Dungeon.
             The game lasted 00:01:04 (79 turns).

Descartes the Stinger (Spriggan Wanderer)             Turns: 79, Time: 00:01:05

Health: -2/11      AC:  2    Str: 10    XL:     1   Next: 58%
Magic:  3/3        EV: 13    Int: 11    God:
Gold:   8          SH:  0    Dex: 14    Spells: 1/2 levels left

rFire   . . .      SeeInvis +   d - +0 long sword (vorpal)
rCold   . . .      Faith    .   (no shield)
rNeg    . . .      Spirit   .   c - +0 robe
rPois   .          Reflect  .   (helmet restricted)
rElec   .          Harm     .   (no cloak)
rCorr   .          Rampage  .   (gloves unavailable)
Will    .....                   (boots unavailable)
Stlth   ++........              (no amulet)
HPRegen 0.03/turn               (no ring)
MPRegen 0.08/turn               (no ring)

@: constricted, very quick
A: very small, no large weapons, unfitting armour, see invisible, speed 3
a: no special abilities


You were on level 1 of the Dungeon.
You visited 1 branch of the dungeon, and saw 1 of its levels.

You collected 8 gold pieces.

Inventory:

Hand Weapons
 a - a +1 spear
 d - a +0 vorpal long sword (weapon)
Armour
 c - a +0 robe (worn)
Potions
 b - a potion of lignification


   Skills:
 + Level 2.5 Fighting
 + Level 0.2 Short Blades
 - Level 1.0 Polearms
 + Level 1.5 Dodging
 + Level 1.8 Stealth
 + Level 1.4 Spellcasting
 + Level 3.0 Poison Magic


You had one spell level left.
You knew the following spells:

 Your Spells              Type           Power      Damage    Failure   Level
a - Sting                 Tmut/Pois      16%        1d3       17%         1

Your spell library contained the following spells:

 Spells                   Type           Power      Damage    Failure   Level
 Poisonous Vapours        Pois/Air       8%         N/A       26%         2
 Mephitic Cloud           Conj/Pois/Air  3%         N/A       52%         3


Dungeon Overview and Level Annotations

Branches:
Dungeon (1/15)

Altars:


Innate Abilities, Weirdness & Mutations

You are very small and have problems with some larger weapons.
You are too small for most types of armour.
You have supernaturally acute eyesight. (SInv)
You cover ground extremely quickly. (Speed+++)


Message History

You are too injured to fight recklessly!
You are too injured to fight recklessly!
You are too injured to fight recklessly!
You are too injured to fight recklessly!
You are too injured to fight recklessly!
Unknown command.
You escape the ball python's grasp.
The jackal closely misses you.
You see here a bat corpse.
You hit the jackal.
You kill the jackal!
The jackal bites you but does no damage.
You slash the jackal!
You kill the jackal!
The ball python closely misses you. The ball python misses you.
You closely miss the ball python. The ball python misses you.
The ball python grabs you. The ball python constricts you.
* * * LOW HITPOINT WARNING * * *
The frilled lizard barely misses you. The ball python closely misses you.
The ball python constricts you.
* * * LOW HITPOINT WARNING * * *
Unknown command.
You escape the ball python's grasp.
The ball python hisses angrily.
An endoplasm comes into view.
Found a jade ring.
The endoplasm quivers.
Found a ring mail.
An endoplasm comes into view.
You slash the endoplasm!
You kill the endoplasm!
The ball python misses you. The ball python closely misses you.
You closely miss the ball python. The ball python closely misses you.
The ball python misses you. The ball python barely misses you.
The ball python misses you.
You closely miss the ball python. The ball python barely misses you.
The ball python grabs you. The ball python constricts you.
* * * LOW HITPOINT WARNING * * *
You closely miss the ball python. The ball python barely misses you.
The ball python constricts you. The ball python bites you.
You die...

.... ... #### # ... ...
.. J. ##J. ..= #.#
###..#.. #[. .....
#.#######.##########
#..@Sl..............
#################........
#≈≈≈≈≈≈~~~............(..
#≈≈≈≈~~............#....#
#≈≈~~~.....~~~~~.S.#.....
#≈≈.....~≈~~≈~.≈~~....#.†
#~.....~~<~≈~~..~.....#..
#≈~...~~~~~~≈~~~.l.......
#≈~..(..~~.~~≈..~........


You could see a ball python and a frilled lizard.

Vanquished Creatures
  An endoplasm (D:1)
  2 jackals (D:1)
  A bat (D:1)
4 creatures vanquished.

Notes
Turn   | Place    | Note
-------+----------+-------------------------------------------
     0 | D:1      | Descartes the Spriggan Wanderer began the quest for the
                  | Orb.
     0 | D:1      | Descartes set off with the following items: a +1 spear, a
                  | potion of lignification, a +0 robe; and the following spell
                  | memorised: Sting; and the following spells available to
                  | memorise: Poisonous Vapours, Mephitic Cloud.
     0 | D:1      | Reached XP level 1. HP: 11/11 MP: 3/3
    79 | D:1      | Slain by a ball python

Illustrated notes

Levels and vault maps discovered:
D:1:      dpeg_arrival_more_subterranean_lakeside_camping, layout_rooms,
          chequers_ecumenical_altar_simple, minmay_tetromino_i4

Action                   || total
-------------------------++-------
Melee: Long sword        ||    11
Armor: Robe              ||     2
Dodge: Dodged            ||    30
